 Dungeon Crawl Stone Soup version 0.19.4-8-ga85b6b9 (webtiles) character file.

11736 dngmouse the Grappler (level 11, -17/97 HPs)
             Began as a Minotaur Transmuter on Feb 11, 2017.
             Was a High Priest of Cheibriados.
             Demolished by an ettin
             ... wielding a +0 dire flail
              (33 damage)
             ... on level 2 of the Orcish Mines.
             The game lasted 01:05:29 (10596 turns).

dngmouse the Grappler (Minotaur Transmuter)        Turns: 10596, Time: 01:05:30

Health: -17/97     AC: 12    Str: 27    XL:     11   Next: 53%
Magic:  12/12      EV: 21    Int: 22    God:    Cheibriados [*****.]
Gold:   853        SH:  0    Dex: 26    Spells: 4 memorised, 1 level left

rFire  . . .     SeeInvis .       - Unarmed
rCold  . . .     Gourm    .     E - +2 robe {rN+}
rNeg   + . .     Faith    .     (no shield)
rPois  .         Spirit   .     (helmet restricted)
rElec  .         Reflect  .     Q - +2 cloak
rCorr  .         Harm     .     t - +0 pair of gloves
MR     .....                    (boots currently unavailable)
Stlth  ++........               h - amulet of regeneration
                                y - +4 ring of protection
                                m - ring of wizardry

@: appendage (expiring), very slow
A: retaliatory headbutt, horns 2, talons 3, regeneration 1
a: End Transformation, Bend Time, Temporal Distortion, Slouch, Step From Time,
Renounce Religion


You were on level 2 of the Orcish Mines.
You worshipped Cheibriados.
Cheibriados was extremely pleased with you.
You were not hungry.
You had grown temporary talons.
You visited 3 branches of the dungeon, and saw 14 of its levels.
You also visited: Ossuary.

You collected 853 gold pieces.

Inventory:

Missiles
 a - 223 arrows
 C - 6 javelins of returning (quivered)
 K - 5 tomahawks
Armour
 j - a +1 robe of resistance
 t - a +0 pair of gloves (worn)
 E - a +2 robe of positive energy (worn)
 Q - a +2 cloak (worn)
 R - a +0 leather armour of poison resistance
Jewellery
 f - an uncursed ring of protection from fire
 h - an amulet of regeneration (around neck)
 l - an uncursed ring of ice
 m - a ring of wizardry (left hand)
 q - an uncursed ring of see invisible
 y - a +4 ring of protection (right hand)
 G - an uncursed ring of flight
 Z - an uncursed ring of positive energy
Wands
 b - a wand of flame (28/48)
 n - a wand of paralysis (13/24)
 J - a wand of flame (16/48)
 P - a wand of paralysis (13/24)
Scrolls
 e - 7 scrolls of identify
 o - a scroll of fear
 p - 4 scrolls of magic mapping
 r - a scroll of fog
 v - 4 scrolls of teleportation
 w - 2 scrolls of recharging
 A - a scroll of remove curse
 L - 2 scrolls of blinking
Potions
 s - 5 potions of agility
 x - 2 potions of heal wounds
 z - a potion of resistance
 D - 2 potions of lignification
 H - 2 potions of might
 I - 4 potions of curing
 M - 3 potions of flight
 V - a potion of brilliance
Books
 c - a book of Changes

   Spells                             Type                      Level
   a - Beastly Appendage              Transmutation                1
   b - Sticks to Snakes               Transmutation                2
   c - Spider Form                    Transmutation/Poison         3
   d - Ice Form                       Ice/Transmutation            4
   e - Blade Hands                    Transmutation                5
 N - a book of Maledictions

   Spells                             Type                      Level
   a - Corona                         Hexes                        1
   b - Ensorcelled Hibernation        Hexes/Ice                    2
   c - Confuse                        Hexes                        3
   d - Tukima's Dance                 Hexes                        3
   e - Dazzling Spray                 Conjuration/Hexes            3
 O - a book of Frost

   Spells                             Type                      Level
   a - Freeze                         Ice                          1
   b - Throw Frost                    Conjuration/Ice              2
   c - Ozocubu's Armour               Charms/Ice                   3
   d - Throw Icicle                   Conjuration/Ice              4
   e - Summon Ice Beast               Ice/Summoning                4
Comestibles
 d - 10 bread rations
 g - 10 meat rations
 i - 2 slices of pizza
 S - 8 fruits
 T - 11 royal jellies


   Skills:
 + Level 9.1 Fighting
 + Level 9.1 Dodging
 * Level 13.0 Unarmed Combat
 - Level 1.3 Spellcasting
 + Level 7.2 Transmutations
 + Level 3.1 Invocations


You had one spell level left.
You knew the following spells:

 Your Spells              Type           Power        Failure   Level  Hunger
a - Beastly Appendage     Tmut           ####..       1%          1    #......
b - Sticks to Snakes      Tmut           ####....     1%          2    ###....
c - Spider Form           Tmut/Pois      ###.......   4%          3    ###....
d - Blade Hands           Tmut           ####......   9%          5    ######.


Dungeon Overview and Level Annotations

Branches:
Dungeon (11/15)            Temple (1/1) D:7            Lair (0/6) D:11
    Orc (2/2) D:11
    Elf: Orc:2

Altars:
Ashenzari
Cheibriados
Dithmenos
Elyvilon
Fedhas
Gozag
Hepliaklqana
Kikubaaqudgha
Makhleb
Nemelex Xobeh
Okawaru
Qazlal
Ru
Sif Muna
Trog
Uskayaw
Vehumet
Xom
Yredelemnul
Zin
The Shining One
Beogh

Shops:
D:6 ?   D:7 }

Portals:
Trove: D:10 (give 14 potions of heal wounds)


Innate Abilities, Weirdness & Mutations

You reflexively headbutt those who attack you in melee.
You have a pair of horns on your head.
You have claws for feet.
Your natural rate of healing is unusually fast.


Message History

HP restored.
Found a stone staircase leading up.
A cyclops comes into view.
The cyclops shouts!
The cyclops throws a large rock.
The large rock completely misses you.
An ogre comes into view. It is wielding a giant club.
The cyclops throws a large rock.
The large rock hits you!!
The cyclops throws a large rock.
The large rock hits you!!
An ettin comes into view.
It is wielding a dire flail and a great mace.
Things that are here:
2 large rocks; 27 gold pieces The ettin shouts in stereo!
All of the chunks of flesh in your inventory have rotted away.
You see here a large rock.
Your transformation is almost over.
There is a stone staircase leading up here.
The ettin hits you with a dire flail!!!
* * * LOW HITPOINT WARNING * * *
The ettin hits you with a great mace!!
You die...

#......###....
#.............
#...(........
##..C........
#...(.......$
##..........$
#...........# .
##..C.......# ...
#..@.......#
.....##...........
..................
#.....).....#.....
##.........###....
#........#.# #...
.............. ...
............##. ..
.............


You could see an ettin and a cyclops.

Vanquished Creatures
  A hydra (D:11)
  A hill giant (D:10)
  The ghost of Feta the Geomancer, a novice GrEE of Vehumet (D:8)
  An oklob plant (D:10)
  An orc sorcerer (Orc:1)
  An ugly thing (D:11)
  A kobold demonologist (D:11)
  A troll (D:10)
  A two-headed ogre (D:8)
  2 hippogriffs
  Sigmund (D:2)
  A hungry ghost (D:11)
  A warg (Orc:2)
  2 water moccasins
  2 phantoms
  An ice beast (D:8)
  A black bear (D:8)
  15 orc warriors
  6 ogres
  3 sky beasts
  A necrophage (D:9)
  6 centaurs
  A big kobold (D:10)
  6 bullfrogs
  2 elf zombies (Ossuary)
  3 scorpions
  A water moccasin skeleton (D:11)
  3 wights (D:8)
  6 howler monkeys
  A bullfrog zombie (D:6)
  5 crimson imps
  8 centaur zombies
  2 human zombies (Ossuary)
  A quasit (D:10)
  2 bullfrog skeletons
  5 hounds
  16 orc priests
  7 jellies
  2 centaur skeletons
  Jessica (D:5)
  4 worker ants
  2 iguanas
  20 orc wizards
  A hound zombie (D:7)
  3 hound skeletons
  3 mummies
  A worker ant zombie (D:8)
  7 gnolls
  2 howler monkey skeletons
  5 adders
  2 shadow imps
  A white imp (D:8)
  8 oozes
  2 adder skeletons
  An adder zombie (Ossuary)
  2 worms (D:5)
  2 dart slugs
  5 leopard geckos
  73 orcs
  4 giant cockroaches
  12 goblins
  16 hobgoblins
  4 jackals (D:3)
  4 quokkas
  9 bats
  8 frilled lizards
  2 goblin zombies (Ossuary)
  15 hobgoblin zombies
  2 jackal zombies (Ossuary)
  18 kobolds
  A kobold skeleton (D:8)
  12 kobold zombies
  A leopard gecko skeleton (D:4)
  A leopard gecko zombie (D:6)
  2 orc skeletons (D:8)
  7 orc zombies
  12 rats
  A bush (D:10)
  A plant (D:10)
399 creatures vanquished.

Vanquished Creatures (collateral kills)
  A hill giant (D:11)
  A worm (D:2)
2 creatures vanquished.

Vanquished Creatures (others)
  An orc (D:6)
1 creature vanquished.

Grand Total: 402 creatures vanquished

Notes
Turn   | Place    | Note
-------+----------+-------------------------------------------
     0 | D:1      | dngmouse the Minotaur Transmuter began the quest for the Orb.
     0 | D:1      | Reached XP level 1. HP: 16/16 MP: 1/1
   203 | D:1      | Reached XP level 2. HP: 23/23 MP: 0/3
   260 | D:1      | Reached skill level 4 in Unarmed Combat
   690 | D:1      | Reached XP level 3. HP: 25/28 MP: 2/4
   928 | D:2      | Learned a level 2 spell: Sticks to Snakes
  1274 | D:2      | Found a burning altar of Makhleb.
  1299 | D:2      | Reached XP level 4. HP: 26/35 MP: 5/5
  1377 | D:2      | Reached skill level 5 in Unarmed Combat
  1673 | D:2      | Noticed Sigmund
  1709 | D:2      | Reached XP level 5. HP: 28/40 MP: 6/6
  1745 | D:2      | Found a sparkling altar of Nemelex Xobeh.
  1773 | D:2      | Killed Sigmund
  1773 | D:2      | Reached skill level 6 in Unarmed Combat
  1773 | D:2      | Reached XP level 6. HP: 31/47 MP: 5/7
  2612 | D:3      | Found a shadowy altar of Dithmenos.
  3042 | D:4      | Reached skill level 7 in Unarmed Combat
  3050 | D:4      | Found a shattered altar of Ashenzari.
  3099 | D:4      | Reached XP level 7. HP: 52/52 MP: 6/8
  3371 | D:5      | Entered Level 5 of the Dungeon
  3630 | D:5      | Found a sparkling altar of Nemelex Xobeh.
  3630 | D:5      | Noticed Jessica
  3633 | D:5      | Killed Jessica
  3653 | D:5      | Found a glowing golden altar of the Shining One.
  3653 | D:5      | Found a shimmering altar of Xom.
  3863 | D:5      | Reached skill level 8 in Unarmed Combat
  3941 | D:5      | Found a sand-covered staircase.
  3947 | Ossuary  | Entered an ossuary
  4128 | Ossuary  | Reached XP level 8. HP: 55/62 MP: 7/9
  4329 | Ossuary  | Reached skill level 5 in Dodging
  4775 | D:6      | Reached skill level 9 in Unarmed Combat
  5000 | D:6      | Found Idag Yje's Magic Scroll Shop.
  5024 | D:6      | Reached XP level 9. HP: 29/72 MP: 10/10
  5025 | D:6      | Reached skill level 5 in Transmutations
  5047 | D:6      | Reached skill level 5 in Fighting
  5138 | D:6      | Gained mutation: Your natural rate of healing is unusually fast. [potion of beneficial mutation]
  5611 | D:7      | Found an iron altar of Okawaru.
  5712 | D:7      | Found a staircase to the Ecumenical Temple.
  5723 | Temple   | Entered the Ecumenical Temple
  5748 | Temple   | Became a worshipper of Cheibriados the Contemplative
  5912 | D:7      | Found Biroum's Gadget Emporium.
  5978 | D:7      | Reached skill level 10 in Unarmed Combat
  6860 | D:8      | Reached * piety under Cheibriados
  6943 | D:8      | Noticed Feta's ghost (novice GrEE)
  6978 | D:8      | Killed Feta's ghost
  7110 | D:8      | Found a glowing golden altar of the Shining One.
  7152 | D:8      | Reached skill level 11 in Unarmed Combat
  7205 | D:8      | Reached ** piety under Cheibriados
  7205 | D:8      | Reached XP level 10. HP: 71/84 MP: 9/11
  7848 | D:8      | Learned a level 3 spell: Spider Form
  8079 | D:9      | Learned a level 5 spell: Blade Hands
  8128 | D:9      | Reached *** piety under Cheibriados
  8416 | D:10     | Entered Level 10 of the Dungeon
  8451 | D:10     | Found a blossoming altar of Fedhas.
  8470 | D:10     | Noticed an oklob plant
  8590 | D:10     | Found a portal to a secret trove of treasure.
  8650 | D:10     | Noticed a hill giant
  8657 | D:10     | Killed a hill giant
  8657 | D:10     | Reached skill level 12 in Unarmed Combat
  8657 | D:10     | Reached skill level 1 in Invocations
  8920 | D:10     | Reached **** piety under Cheibriados
  9195 | D:10     | Killed an oklob plant
  9415 | D:11     | Noticed a five-headed hydra
  9428 | D:11     | Killed a five-headed hydra
  9428 | D:11     | Reached XP level 11. HP: 62/94 MP: 1/12
  9536 | D:11     | Found a staircase to the Lair.
  9567 | D:11     | Noticed a hill giant
  9585 | D:11     | Killed a hill giant
  9710 | D:11     | Noticed a white ugly thing
  9729 | D:11     | Killed a white ugly thing
  9764 | D:11     | Found a roughly hewn altar of Beogh.
  9791 | D:11     | Reached ***** piety under Cheibriados
 10236 | D:11     | Found a staircase to the Orcish Mines.
 10384 | Orc:1    | Entered Level 1 of the Orcish Mines
 10446 | Orc:1    | Noticed an orc sorcerer
 10454 | Orc:1    | Killed an orc sorcerer
 10454 | Orc:1    | Reached skill level 13 in Unarmed Combat
 10571 | Orc:2    | Entered Level 2 of the Orcish Mines
 10590 | Orc:2    | Noticed an ettin
 10596 | Orc:2    | Demolished by an ettin

Skill      XL: |  1  2  3  4  5  6  7  8  9 10 11 |
---------------+----------------------------------+-----
Unarmed Combat | 4 5 6 7 8 9 11 12 13 | 13.0
Transmutations | 2 3 4 5 6 7 |  7.2
Dodging        | 3 4 5 7 8 9 |  9.1
Fighting       | 2 4 6 8 9 |  9.1
Invocations    | 2 3 |  3.1
Spellcasting   | |  1.3

Action                   |  1- 3 |  4- 6 |  7- 9 | 10-12 || total
-------------------------+-------+-------+-------+-------++-------
Melee: Unarmed           |    93 |   176 |   460 |   290 ||  1019
       Kick              |    11 |    36 |   119 |   120 ||   286
       Headbutt          |    13 |    21 |    90 |    88 ||   212
       Punch             |     1 |     4 |    19 |    23 ||    47
 Cast: Beastly Appendage |    22 |    37 |    70 |    45 ||   174
       Sticks to Snakes  |     2 |       |    10 |    27 ||    39
       Spider Form       |       |       |       |     1 ||     1
       Blade Hands       |       |       |       |     1 ||     1
Evoke: Wand              |       |     6 |    10 |     5 ||    21
  Use: Potion            |     2 |     5 |     3 |     2 ||    12
       Scroll            |       |     6 |     6 |    11 ||    23
 Stab: Sleeping          |       |     1 |     3 |     2 ||     6
  Eat: Chunk             |     2 |     8 |    13 |    11 ||    34
       Fruit             |       |       |     3 |       ||     3
       Pizza             |       |       |     1 |       ||     1
Armor: Robe              |    20 |    11 |    94 |    74 ||   199
       Skin              |       |       |       |     1 ||     1
Dodge: Dodged            |    65 |   109 |   280 |   254 ||   708
